 Dungeon Crawl Stone Soup version 0.27-a0-695-gb4952372f7 (webtiles) character file.

Game seed: 16249814922973955213

9154 gilstealer the Cleaver (level 11, -11/151 HPs)
             Began as a Minotaur Berserker on Mar 21, 2021.
             Was a High Priest of Trog.
             Hit by a large rock thrown by a cyclops (44 damage)
             ... on level 10 of the Dungeon.
             The game lasted 00:26:05 (12278 turns).

gilstealer the Cleaver (Minotaur Berserker)        Turns: 12278, Time: 00:26:05

Health: -11/151    AC: 13    Str: 26    XL:     11   Next: 19%
Magic:  10/10      EV: 11    Int:  4    God:    Trog [*****.]
Gold:   277        SH:  0    Dex:  9    Spells: 10/10 levels left

rFire    . . .     SeeInvis .   I - +3 battleaxe
rCold    . . .     Faith    +   (shield currently unavailable)
rNeg     . . .     Spirit   .   k - +3 ring mail {rPois}
rPois    +         Reflect  .   (helmet restricted)
rElec    .         Harm     .   (no cloak)
rCorr    .         Rampage  .   C - +0 pair of gloves {Stlth+}
Will     .....                  h - +0 pair of boots
Stlth    ..........             z - amulet of faith
HPRegen  0.35/turn              (no ring)
MPRegen  0.12/turn              (no ring)

@: berserking, very quick
A: horns 2, retaliatory headbutt
a: Renounce Religion, Berserk, Trog's Hand, Brothers in Arms


You were on level 10 of the Dungeon.
You worshipped Trog.
Trog was extremely pleased with you.
You visited 1 branch of the dungeon, and saw 10 of its levels.

You collected 434 gold pieces.
You spent 157 gold pieces at shops.

Inventory:

Hand Weapons
 A - a +0 flail of protection
 F - a +0 broad axe
 I - a +3 battleaxe (weapon)
Missiles
 e - 4 boomerangs
 m - 15 poisoned darts
Armour
 h - a +0 pair of boots (worn)
 k - a +3 ring mail of poison resistance (worn)
 y - the +5 scale mail of Negligence {+Inv rF++ rC-}
   (You found it on level 8 of the Dungeon)

   It greatly protects you from fire.
   It makes you vulnerable to cold.
   It lets you turn invisible.
 C - a +0 pair of gloves of stealth (worn)
Jewellery
 a - an amulet of the acrobat
 n - a ring of protection from cold
 z - an amulet of faith (around neck)
 B - a ring of protection from fire
 D - a ring of fire
 K - a ring of see invisible
Wands
 j - a wand of polymorph (7)
 o - a wand of flame (43)
 x - a wand of iceblast (5)
Scrolls
 d - a scroll of vulnerability {unknown}
 q - 2 scrolls of enchant armour
 r - 4 scrolls of teleportation
 u - a scroll of fear
 v - a scroll of summoning
 E - a scroll of acquirement
 J - a scroll of fog
Potions
 b - a potion of resistance
 c - 3 potions of berserk rage {unknown}
 f - 3 potions of flight
 g - 8 potions of curing {unknown}
 i - a potion of ambrosia
 l - a potion of haste
 p - 5 potions of heal wounds
 s - a potion of lignification
 t - 2 potions of might
 w - 3 potions of invisibility {unknown}
 G - a potion of degeneration {unknown}


   Skills:
 - Level 10.8 Fighting
 + Level 14.7 Axes
 - Level 10.5 Armour
 - Level 2.1 Dodging


You had 10 spell levels left.
You didn't know any spells.
Your spell library was empty.

Dungeon Overview and Level Annotations

Branches:
Dungeon (10/15)            Temple (0/1) D:6            Lair (0/6) D:8
    Orc: D:9-12

Altars:
Fedhas
Okawaru
Sif Muna
Zin
The Shining One

Shops:
D:5 *   D:8 :


Innate Abilities, Weirdness & Mutations

You have a pair of horns on your head.
You reflexively headbutt those who attack you in melee.


Message History

Your iron troll goes berserk!
The red ugly thing pecks you.
You are engulfed in flames!!
A red film seems to cover your vision as you go berserk!
You feel yourself moving faster!
You feel mighty!
The boulder beetle bites your iron troll!
The red ugly thing pecks you!
You are engulfed in flames!!
* * * LOW HITPOINT WARNING * * *
Your iron troll bites the boulder beetle!!
Your iron troll claws the boulder beetle!
Your iron troll claws the boulder beetle but does no damage.
You carve the red ugly thing like a ham!!!
The red ugly thing is severely wounded.
You hear a shout! x2
The boulder beetle bites your iron troll but does no damage.
The red ugly thing pecks you but does no damage.
You cut the red ugly thing into ribbons!!!
You feel the power of Trog in you as your rage grows.
You kill the red ugly thing!
Trog accepts your kill.
Your iron troll bites the boulder beetle!!
The boulder beetle dies!
Trog accepts your kill.
A cyclops comes into view.
The cyclops shouts!
The boulder beetle leaps!
Things that are here:
a +0 flail; an ugly thing corpse You barely miss the wight.
Your headbutt misses the wight. You slice the wight!!
You destroy the wight!
Trog accepts your kill.
You slice the worker ant zombie!!
You destroy the worker ant zombie!
Trog accepts your kill.
An orc warrior comes into view. It is wielding a +0 hand axe.
You slice the wight!!
You destroy the wight!
Trog accepts your kill.
The cyclops throws a large rock.
The large rock hits you!!!
You die...

###.............#..#..[..........
................##...............
......###.......##...............
.....#.####......................
.....##.#####....................
..>.. ##.## ###..................
..... ##.#######.........>......
..... ##..†..T###..............
###.. ##.######@.##.............
##. ##.## #)#..###..........
##.## #.. ##o####........ #.##
##C# # ###...... ### ##.B# ##...
##.).:# ## .}.##.# ##. :|#


You could see a boulder beetle, a cyclops, an orc warrior (ally target) and a
friendly iron troll (summoned, berserk).

Vanquished Creatures
  2 two-headed ogres
  Nergalle (D:10)
  An ugly thing (D:10)
  A gargoyle (D:10)
  A komodo dragon (D:8)
  A hornet (D:8)
  Sigmund (D:3)
  Menkaure (D:7)
  Duvessa (D:5)
  An orc warrior (D:7)
  2 black bears (D:7)
  2 ice beasts
  2 sky beasts
  5 necrophages
  2 ogres
  6 centaurs
  5 phantoms
  8 bullfrogs
  2 gnoll sergeants
  Blork the orc (D:6)
  2 scorpions
  Dowan (D:5)
  6 killer bees (D:8)
  16 wights
  4 howler monkeys
  4 bullfrog zombies
  A centaur skeleton (D:4)
  7 hounds
  7 orc priests
  2 jellies
  Jessica (D:3)
  3 iguanas (D:9)
  4 orc wizards
  Natasha (thrice) (D:3)
  4 worker ants
  Terence (D:3)
  2 killer bee zombies (D:6)
  A hound skeleton (D:9)
  A hound zombie (D:6)
  A worker ant zombie (D:10)
  A howler monkey skeleton (D:8)
  10 adders
  15 gnolls
  2 shadow imps (D:5)
  An ufetubus (D:9)
  2 oozes
  An adder skeleton (D:4)
  A worm (D:2)
  A dart slug (D:4)
  6 leopard geckos
  30 orcs
  4 bats
  8 giant cockroaches
  10 goblins
  10 hobgoblins
  12 jackals
  6 quokkas
  3 ball pythons
  5 frilled lizards
  7 kobolds
  A leopard gecko zombie (D:6)
  12 rats
265 creatures vanquished.

Vanquished Creatures (collateral kills)
  A boulder beetle (D:10)
1 creature vanquished.

Vanquished Creatures (others)
  3 bushes (D:6)
  28 plants
31 creatures vanquished.

Grand Total: 297 creatures vanquished

Notes
Turn   | Place    | Note
-------+----------+-------------------------------------------
     0 | D:1      | gilstealer the Minotaur Berserker began the quest for the
                  | Orb.
     0 | D:1      | Reached XP level 1. HP: 19/19 MP: 0/0
   468 | D:1      | Reached XP level 2. HP: 27/27 MP: 1/1
   722 | D:1      | Reached skill level 4 in Axes
  1139 | D:1      | Reached ** piety under Trog
  1200 | D:1      | Reached XP level 3. HP: 33/33 MP: 2/2
  2374 | D:2      | Reached XP level 4. HP: 41/41 MP: 3/3
  2995 | D:2      | Found a shimmering blue altar of Sif Muna.
  2996 | D:2      | Found an iron altar of Okawaru.
  3074 | D:3      | Noticed Natasha
  3079 | D:3      | Noticed Jessica
  3087 | D:3      | Killed Natasha
  3087 | D:3      | Killed Jessica
  3088 | D:3      | Reached skill level 5 in Fighting
  3088 | D:3      | Reached skill level 5 in Axes
  3088 | D:3      | Reached XP level 5. HP: 43/48 MP: 4/4
  3479 | D:3      | Reached *** piety under Trog
  3625 | D:3      | Noticed Natasha
  3732 | D:3      | Killed Natasha
  3745 | D:3      | Reached XP level 6. HP: 43/56 MP: 5/5
  3869 | D:3      | Noticed Terence
  3871 | D:3      | Noticed Sigmund
  3889 | D:3      | Killed Terence
  3891 | D:3      | Reached skill level 5 in Armour
  3899 | D:3      | Killed Sigmund
  3900 | D:3      | Reached skill level 6 in Axes
  3972 | D:3      | Noticed Natasha
  3982 | D:3      | Killed Natasha
  3983 | D:3      | Reached XP level 7. HP: 62/63 MP: 6/6
  4511 | D:4      | Reached **** piety under Trog
  5043 | D:5      | Entered Level 5 of the Dungeon
  5099 | D:5      | Reached skill level 7 in Axes
  5102 | D:5      | Noticed Duvessa
  5102 | D:5      | Noticed Dowan
  5112 | D:5      | Killed Dowan
  5117 | D:5      | Killed Duvessa
  5118 | D:5      | Reached XP level 8. HP: 22/73 MP: 7/7
  5615 | D:5      | Found Urimaus's Assorted Antiques.
  5618 | D:5      | Bought a bubbling amethyst potion for 21 gold pieces
  5618 | D:5      | Bought a scroll labelled MEMIZUMMOOBA for 24 gold pieces
  5618 | D:5      | Bought a scroll labelled XUGRIY LIWI for 24 gold pieces
  5618 | D:5      | Bought a scroll labelled QEGETU DOUL for 24 gold pieces
  5618 | D:5      | Bought a red potion for 21 gold pieces
  5618 | D:5      | Bought 2 dark potions for 43 gold pieces
  5667 | D:5      | Reached skill level 8 in Axes
  6235 | D:6      | Noticed Blork the orc
  6240 | D:6      | Killed Blork the orc
  6377 | D:6      | Reached ***** piety under Trog
  6499 | D:6      | Reached XP level 9. HP: 68/82 MP: 8/8
  6575 | D:6      | Reached skill level 9 in Axes
  6641 | D:6      | Found a blossoming altar of Fedhas.
  6795 | D:6      | Found a glowing golden altar of the Shining One.
  6815 | D:6      | Found a staircase to the Ecumenical Temple.
  7241 | D:7      | Noticed Menkaure
  7249 | D:7      | Killed Menkaure
  7252 | D:7      | Reached skill level 10 in Axes
  7301 | D:7      | Reached skill level 10 in Fighting
  7897 | D:7      | Reached skill level 10 in Armour
  8267 | D:8      | Noticed a two-headed ogre
  8274 | D:8      | Killed a two-headed ogre
  8275 | D:8      | Reached XP level 10. HP: 78/94 MP: 9/9
  8339 | D:8      | Identified a scroll of acquirement
  8410 | D:8      | Found Noafu's Book Shop.
  8581 | D:8      | Found a staircase to the Lair.
  8598 | D:8      | Reached skill level 11 in Axes
  9410 | D:8      | Reached skill level 12 in Axes
  9488 | D:8      | Identified the +5 scale mail of Negligence {+Inv rF++ rC-}
 10104 | D:9      | Noticed a two-headed ogre
 10113 | D:9      | Killed a two-headed ogre
 10423 | D:9      | Reached skill level 13 in Axes
 10467 | D:9      | Received a gift from Trog
 10837 | D:9      | Found a glowing silver altar of Zin.
 12013 | D:10     | Entered Level 10 of the Dungeon
 12013 | D:10     | Noticed Nergalle
 12026 | D:10     | Killed Nergalle
 12027 | D:10     | Reached skill level 14 in Axes
 12027 | D:10     | Reached XP level 11. HP: 85/101 MP: 10/10
 12251 | D:10     | Noticed a boulder beetle
 12251 | D:10     | Noticed a boulder beetle
 12251 | D:10     | Noticed a red ugly thing
 12273 | D:10     | Killed a red ugly thing
 12273 | D:10     | Killed a boulder beetle
 12278 | D:10     | Hit by a large rock thrown by a cyclops

Illustrated notes

Levels and vault maps discovered:
D:1:      scummos_arrival_simple_fountains, layout_basic
D:2:      layout_basic, gammafunk_temple_overflow_statue, roderic_lattice_a
D:3:      layout_rooms, minmay_misc_feat_doors, uniq_sigmund, uniq_jessica,
          uniq_natasha, uniq_terence
D:4:      layout_cave_pools
D:5:      layout_basic, serial_shops, nicolae_shop_stone, uniq_duvessa
D:6:      layout_loops_cross, kennysheep_mini_moat,
          minmay_temple_entry_poolview, fedhas_altar_decomposition,
          uniq_blork_the_orc
D:7:      layout_loops_ring, kennysheep_generic_room_12, uniq_menkaure
D:8:      layout_rooms, david_lair_shrubbed, serial_shops,
          nicolae_shop_statue_plus
D:9:      layout_grid_maze, kennysheep_little_box
D:10:     minmay_the_grid_triangle_9x9_recursive_2
          [minmay_the_grid_triangle_9x9_prize_insulated,
          minmay_the_grid_triangle_9x9_cache,
          minmay_the_grid_triangle_9x9_minimal,
          minmay_the_grid_triangle_9x9_impossible_snake], layout_rooms,
          hangedman_decor_peaks_small, minmay_mirror_moons_of_madness,
          uniq_nergalle

Skill      XL: |  1  2  3  4  5  6  7  8  9 10 |
---------------+-------------------------------+-----
Fighting       | 4 5 6 7 8 10 | 10.8
Axes           | 4 5 6 7 8 10 14 | 14.7
Armour         | 3 4 5 6 8 10 | 10.5
Dodging        | |  2.1

Action                   |  1- 3 |  4- 6 |  7- 9 | 10-12 || total
-------------------------+-------+-------+-------+-------++-------
Melee: Hand axe          |   109 |   102 |   127 |       ||   338
       Headbutt          |    11 |    20 |    67 |    35 ||   133
       War axe           |       |       |   198 |   118 ||   316
       Battleaxe         |       |       |       |    74 ||    74
Throw: Boomerang         |       |       |       |    10 ||    10
Invok: Berserk           |       |     2 |     3 |     2 ||     7
       Brothers in Arms  |       |       |       |     1 ||     1
  Use: Scroll            |       |       |     9 |     8 ||    17
 Stab: Sleeping          |       |       |       |     3 ||     3
Armor: Animal skin       |    23 |     2 |       |       ||    25
       Scale mail        |       |    39 |    38 |       ||    77
       Ring mail         |       |       |    99 |    81 ||   180
Dodge: Dodged            |    74 |    44 |   168 |   106 ||   392

Table legend: (Time is in decaauts)
 A = Elapsed time spent in this place.
 B = Non-inter-level travel time spent in this place.
 C = Inter-level travel time spent in this place.
 D = Time resting spent in this place.
 E = Time spent auto-exploring this place.
 F = Levels seen in this place.
 G = Mean time per level.
                   A        B        C        D        E       F      G
               +--------+--------+--------+--------+--------+-----+--------+
         Total |  12350 |  12021 |    329 |    466 |   9721 |  10 | 1235.0 |
       Dungeon |  12350 |  12021 |    329 |    466 |   9721 |  10 | 1235.0 |
               +--------+--------+--------+--------+--------+-----+--------+

Top non-repeatable levels by time:
     D:9: 2389 daAuts
     D:1: 1578 daAuts
     D:2: 1559 daAuts
     D:8: 1399 daAuts
     D:3: 1141 daAuts
     D:7: 1102 daAuts
     D:5: 1078 daAuts
     D:6: 1024 daAuts
     D:4: 814 daAuts
    D:10: 263 daAuts
